 Dungeon Sprint DCSS version 0.28.0-53-g5a82cb258f (webtiles) character file.

Game seed: 11748035608834669156

92816 Zeld the Conqueror (level 15, -2/166 (174) HPs)
             Began as a Minotaur Berserker on June 6, 2022.
             Was the Champion of Trog.
             Killed by drain life
             ... invoked by a soul eater
              (16 damage)
             ... in the Dungeon (Sprint V: "Ziggurat Sprint").
             The game lasted 00:11:12 (6835 turns).

Zeld the Conqueror (Minotaur Berserker)             Turns: 6835, Time: 00:11:13

HP:   -2/166 (174)  AC: 40    Str: 30    XL:     15   Next: 58%
MP:   14/14         EV: 21    Int:  2    God:    Trog [******]
Gold: 0             SH: 26    Dex:  9    Spells: 14/14 levels left

rFire   + . .      SeeInvis +   y - +14 obsidian axe {vorpal, Mesm Drain Fly SInv}
rCold   + . .      Faith    .   j - +3 tower shield
rNeg    . . .      Spirit   .   i - +8 gold dragon scales
rPois   +          Reflect  .   (helmet unavailable)
rElec   .          Harm     .   (no cloak)
rCorr   .          Rampage  .   v - +2 pair of gloves {infuse}
Will    +....      NoTele   +   E - +2 pair of boots {Fly}
Stlth   ..........              (no amulet)
HPRegen 0.37/turn               D - ring of poison resistance
MPRegen 0.14/turn               B - ring of the Hare {EV+8}

@: flying, mesmerised, wreathed by umbra, studying 2 skills, lightly drained
A: horns 3, retaliatory headbutt, dopey 1, screaming 1
a: Renounce Religion, Berserk, Trog's Hand, Brothers in Arms


You were in the Dungeon.
You worshipped Trog.
Trog was exalted by your worship.
You visited 1 branch

Inventory:

Hand Weapons
 y - the +14 obsidian axe (weapon) {vorpal, Mesm Drain Fly SInv}
   (You found it in the Dungeon)

   It inflicts extra damage upon your enemies.
   It occasionally summons demons to assist the wielder when it strikes in
   combat.
   Its wielder is mesmerised by any visible foes.
   It cannot be unequipped while any foes are visible.
   SInv:      It lets you see invisible.
   Fly:       It grants you flight.
   Drain:     It drains your maximum health when unequipped.
Armour
 i - +8 gold dragon scales (worn)
 j - a +3 tower shield (worn)
 v - a +2 pair of gloves of infusion (worn)
 E - a +2 pair of boots of flying (worn)
Jewellery
 B - the ring of the Hare (right hand) {EV+8}
   (You found it in the Dungeon)

   [ring of evasion]

   EV:        It affects your evasion (+8).
 D - a ring of poison resistance (left hand)
 F - a ring of protection from cold
Wands
 s - a wand of mindburst (7)
 t - a wand of iceblast (7)
 u - a wand of acid (7)
Scrolls
 h - 2 scrolls of blinking
 k - 7 scrolls of fog
 l - a scroll of holy word
 m - 5 scrolls of identify
 n - 2 scrolls of fear
 q - 2 scrolls of brand weapon
 G - 8 scrolls of enchant armour
Potions
 c - 10 potions of curing
 d - 7 potions of heal wounds
 e - 16 potions of haste
 f - 7 potions of magic
 g - 3 potions of berserk rage
 o - 2 potions of invisibility
 p - 4 potions of resistance
 r - 6 potions of might
Miscellaneous
 a - a piece from Xom's chessboard (15/15)
 b - a phial of floods
 w - a tin of tremorstones (2/2)
 x - a lightning rod (4/4)
 z - a condenser vane
 A - a phantom mirror
 C - a box of beasts


   Skills:
 O Level 27 Fighting
 - Level 18.0 Axes
 * Level 23.5 Armour
 * Level 24.0 Dodging
 O Level 27 Shields
 + Level 11.9 Evocations


You had 14 spell levels left.
You didn't know any spells.
Your spell library was empty.

Dungeon Overview and Level Annotations

Branches:
Dungeon (1/1)

Altars:
Ashenzari
Cheibriados
Dithmenos
Elyvilon
Fedhas
Gozag
Hepliaklqana
Kikubaaqudgha
Makhleb
Nemelex Xobeh
Okawaru
Qazlal
Ru
Sif Muna
Trog
Uskayaw
Vehumet
Wu Jian
Xom
Yredelemnul
Zin
The Shining One
Beogh
Jiyva
Lugonu


Innate Abilities, Weirdness & Mutations

You have a pair of large horns on your head.
You reflexively headbutt those who attack you in melee.
You are dopey. (Int -2)
You occasionally shout uncontrollably at your foes.


Message History

Visions of slaying the bone dragon flood into your mind.
The putrid mouth gives a chilling moan.
The tormentor calls on the powers of darkness!
The shadow dragon convulses! x5; Your body is wracked with pain!
The tainted leviathan attempts to bespell you!
You resist.
The shadow dragon breathes negative energy at you.
The bolt of negative energy hits the adder skeleton.
The adder skeleton completely resists.
The bolt of negative energy hits the bone dragon.
The bone dragon completely resists.
The bolt of negative energy hits you!!
You feel drained.
The soul eater draws from the surrounding life force!
* * * LOW HITPOINT WARNING * * *
The soul eater draws from the surrounding life force!
* * * LOW HITPOINT WARNING * * *
An adder skeleton comes into view.
Unknown command.
Unknown command.
Unknown command.
Unknown command.
Blink to where?
Press: ? - help, Dir - move target You cannot blink away from the bone dragon!
Blink to where?
Press: ? - help, Dir - move target, f - you
Okay, then.
Unknown command.
Blink to where?
Press: ? - help, Dir - move target
Okay, then.
You don't know any spells.
Unknown command.
Your cyclops goes berserk!
The soul eater draws from the surrounding life force!
* * * LOW HITPOINT WARNING * * *
A ghoul comes into view.
The putrid mouth howls a warning cry!
The soul eater draws from the surrounding life force!
You die...

▓.....
▓..)[3n)))|)D)}
▓..[[[
▓..=Z[[[3}Z☼WZZ)
▓..:.)
▓..|[3DD:}☼ZW32[.
▓....:
▓..3..ZZZZ○C2.Z..
▓.....
▓....3.3nAZ☼°D...
▓.....
▓.....C3D.D1W....
▓.....
▓....3ZD....○....
▓.....
▓......@...°.....
▓.....
▓................
▓.....
▓................
▓...▓.
▓....▓.......▓...
▓..▓▓▓
▓...▓▓▓.....▓▓ ..
▓...▓.
▓....▓.......▓...
▓.....
▓................
▓.....
▓................
▓▓▓▓▓▓
.......©.......


You could see 2 bone dragons, a profane servitor, a tainted leviathan, 2 ghouls,
5 shadow dragons, a Tzitzimitl, 3 putrid mouths, 9 soul eaters, 2 tormentors, a
ball python zombie, an adder zombie, 3 giant cockroach zombies, a ball python
skeleton, 5 adder skeletons, a quokka skeleton and a friendly cyclops (summoned,
berserk).

Vanquished Creatures
  An ancient lich (D)
  A deep elf blademaster (D)
  2 liches (D)
  3 deep elf master archers (D)
  3 acid blobs (D)
  A rockslime (D)
  3 deep elf sorcerers (D)
  A nagaraja (D)
  A ghoul (D)
  2 stone giants (D)
  A quicksilver ooze (D)
  2 very ugly things (D)
  2 vampire knights (D)
  6 slime creatures (D)
  3 deep elf annihilators (D)
  A merfolk javelineer (D)
  2 yaktaur captains (D)
  A great orb of eyes (D)
  8 deep elf high priests (D)
  3 naga warriors (D)
  An anaconda (D)
  3 centaur warriors (D)
  4 two-headed ogres (D)
  4 vampire magi (D)
  A dancing weapon (D)
  2 deep elf knights (D)
  2 skeletal warriors (D)
  3 deep elf archers (D)
  A spriggan druid (D)
  12 necromancers (D)
  An orc knight (D)
  A deep elf zephyrmancer (D)
  4 deep elf pyromancers (D)
  An orc sorcerer (D)
  A shining eye (D)
  A manticore (D)
  4 cyclopes (D)
  4 black mambas (D)
  An eye of devastation (D)
  2 torpor snails (shapeshifter) (D)
  A naga mage (D)
  3 guardian serpents (D)
  A yaktaur (shapeshifter) (D)
  5 yaktaurs (D)
  4 trolls (D)
  A blink frog (shapeshifter) (D)
  A slime creature (shapeshifter) (D)
  5 shadows (D)
  4 air elementals (D)
  2 vampires (D)
  A spriggan (D)
  A water elemental (D)
  A yak (D)
  A golden eye (D)
  2 basilisks (D)
  A neqoxec (D)
  2 nagas (D)
  3 water moccasins (D)
  2 small abominations (D)
  A hell hound (D)
  4 orc warriors (D)
  A black bear (D)
  A necrophage (D)
  4 wolves (D)
  4 centaurs (D)
  6 ogres (D)
  5 wights (D)
  2 crimson imps (D)
  An orc priest (D)
  5 jellies (D)
  An iron imp (D)
  2 iguanas (D)
  3 adders (D)
  A river rat (D)
  A white imp (D)
  3 ufetubi (D)
  2 adder zombies (D)
  2 orcs (D)
  3 ball pythons (D)
  3 bat skeletons (D)
  A bat zombie (D)
  An endoplasm (D)
  A jackal (D)
  2 ball python skeletons (D)
  4 ball python zombies (D)
  A giant cockroach zombie (D)
  A quokka skeleton (D)
  A quokka zombie (D)
208 creatures vanquished.

Vanquished Creatures (collateral kills)
  An ancient lich (D)
  A deep elf master archer (D)
  An azure jelly (D)
  A ghoul (D)
  A vampire knight (D)
  A stone giant (D)
  3 merfolk javelineers (D)
  A yaktaur captain (D)
  A great orb of eyes (D)
  A centaur warrior (D)
  2 dancing weapons (D)
  3 vampire magi (D)
  A thrashing horror (D)
  An orc high priest (D)
  A skeletal warrior (D)
  A deep elf archer (D)
  2 necromancers (D)
  2 deep elf pyromancers (D)
  2 cyclopes (D)
  A faun (shapeshifter) (D)
  An elephant (shapeshifter) (D)
  A yaktaur (D)
  A slime creature (D)
  A shadow (D)
  A culicivora (shapeshifter) (D)
  4 nagas (D)
  A water moccasin (D)
  An orc warrior (D)
  2 necrophages (D)
  4 wights (D)
  2 jellies (D)
  2 quasits (D)
  3 bat skeletons (D)
  2 bat zombies (D)
  2 ball python skeletons (D)
  A quokka skeleton (D)
57 creatures vanquished.

Vanquished Creatures (others)
  A centaur warrior (D)
  A dancing weapon (D)
  2 deep elf knights (D)
  A yaktaur (D)
  A centaur (D)
  A quokka zombie (D)
7 creatures vanquished.

Grand Total: 272 creatures vanquished

Notes
Turn   | Place    | Note
-------+----------+-------------------------------------------
     0 | D        | Zeld the Minotaur Berserker began the quest for the Orb.
     0 | D        | Reached XP level 1. HP: 19/19 MP: 0/0
     3 | D        | Found a blossoming altar of Fedhas.
     3 | D        | Found the +6 Majin-Bo {vamp, MP+6 Int+6}
     3 | D        | Found the +9 heavy crossbow "Sniper" {vorpal, Acc+∞ SInv}
     3 | D        | Found the +10 dark maul {vorpal}
     3 | D        | Found the +15 Maxwell's patent armour {-Cast -Tele rElec
                  | Will+ rCorr}
     3 | D        | Found the +18 shield of the Gong {rElec rN+ Will+ EV-5}
     3 | D        | Found the +14 obsidian axe {vorpal, Mesm Drain Fly SInv}
     3 | D        | Found the +7 great mace "Firestarter" {inner flame, rF++}
     3 | D        | Found the +6 shillelagh "Devastator" {shatter}
     3 | D        | Found the +11 plutonium sword {Contam Stlth-}
     3 | D        | Found the +8 lance "Wyrmbane" {slay drac, rPois rF+ rC+
                  | AC+3}
     3 | D        | Found the +9 sword of Zonguldrok {reap}
     3 | D        | Found the +13 scythe of Curses {drain, Drain}
     3 | D        | Found the +5 sword of Power {vorpal}
     3 | D        | Found the +7 mace of Variability {chain chaos}
     3 | D        | Found the +7 Singing Sword {vorpal, sonic wave}
     3 | D        | Found the +8 storm bow {elec, penet}
     5 | D        | Found a viscous altar of Jiyva.
     5 | D        | Found a hazy altar of Hepliaklqana.
     5 | D        | Found a transporter.
     5 | D        | Found an opulent altar of Gozag.
     5 | D        | Found an ancient bone altar of Kikubaaqudgha.
     5 | D        | Found a corrupted altar of Lugonu.
     8 | D        | Found a burning altar of Makhleb.
    10 | D        | Found a sacrificial altar of Ru.
    10 | D        | Found a shimmering blue altar of Sif Muna.
    10 | D        | Found a stormy altar of Qazlal.
    10 | D        | Found a bloodstained altar of Trog.
    10 | D        | Found an iron altar of Okawaru.
    10 | D        | Found a sparkling altar of Nemelex Xobeh.
    66 | D        | Reached skill level 5 in Fighting
    66 | D        | Reached skill level 5 in Axes
    66 | D        | Reached XP level 2. HP: 30/30 MP: 1/1
    70 | D        | Entered arena 2.
    70 | D        | Found a transporter.
   112 | D        | Entered arena 3.
   112 | D        | Noticed a thrashing horror
   112 | D        | Found a transporter.
   114 | D        | Reached ** piety under Trog
   117 | D        | Killed a thrashing horror
   118 | D        | Reached skill level 10 in Fighting
   118 | D        | Reached skill level 10 in Axes
   118 | D        | Reached XP level 3. HP: 45/45 MP: 2/2
   118 | D        | Reached XP level 4. HP: 51/51 MP: 3/3
   118 | D        | Reached XP level 5. HP: 58/58 MP: 4/4
   118 | D        | Reached XP level 6. HP: 66/66 MP: 5/5
   118 | D        | Reached XP level 7. HP: 72/72 MP: 6/6
   370 | D        | Entered arena 4.
   370 | D        | Noticed an air elemental
   370 | D        | Noticed an air elemental
   370 | D        | Noticed an air elemental
   370 | D        | Noticed an air elemental
   370 | D        | Found a transporter.
   370 | D        | Paralysed by an air elemental for 1 turns
   373 | D        | Killed an air elemental
   373 | D        | Paralysed by an air elemental for 1 turns
   374 | D        | Reached skill level 10 in Shields
   376 | D        | Killed an air elemental
   376 | D        | Reached *** piety under Trog
   378 | D        | Killed an air elemental
   378 | D        | Killed an air elemental
   379 | D        | Reached XP level 8. HP: 13/83 MP: 7/7
   857 | D        | Entered arena 5.
   857 | D        | Found a transporter.
   863 | D        | Reached **** piety under Trog
  1076 | D        | Entered arena 6.
  1076 | D        | Noticed a yaktaur
  1076 | D        | Noticed a yaktaur
  1076 | D        | Noticed a yaktaur
  1076 | D        | Found a transporter.
  1081 | D        | Killed a yaktaur
  1081 | D        | Reached ***** piety under Trog
  1082 | D        | Killed a yaktaur
  1083 | D        | Reached XP level 9. HP: 52/93 MP: 8/8
  1083 | D        | Killed a yaktaur
  1370 | D        | Entered arena 7.
  1370 | D        | Noticed a deep elf zephyrmancer
  1370 | D        | Noticed a deep elf archer
  1370 | D        | Noticed a +5 dire flail of protection
  1370 | D        | Noticed a deep elf pyromancer
  1370 | D        | Noticed a deep elf knight
  1371 | D        | Found a transporter.
  1373 | D        | Killed a deep elf zephyrmancer
  1373 | D        | Received a gift from Trog
  1377 | D        | Killed a +5 dire flail of protection
  1378 | D        | Reached skill level 10 in Armour
  1378 | D        | Killed a deep elf pyromancer
  1379 | D        | Reached XP level 10. HP: 45/104 MP: 9/9
  1379 | D        | Killed a deep elf archer
  1382 | D        | Killed a deep elf knight
  1382 | D        | Identified the +13 war axe of Xumit {vorpal, *Noise +Blink
                  | rCorr Str+3 Dex+2} (Trog gifted it to you in the Dungeon)
  1382 | D        | Received a gift from Trog
  1383 | D        | Reached skill level 15 in Fighting
  1383 | D        | Reached skill level 15 in Axes
  1659 | D        | Entered arena 8.
  1659 | D        | Noticed a spriggan druid
  1660 | D        | Found a transporter.
  1664 | D        | Reached skill level 10 in Dodging
  1665 | D        | Killed a spriggan druid
  1666 | D        | Reached skill level 15 in Shields
  1667 | D        | Received a gift from Trog
  1708 | D        | Entered arena 9.
  1709 | D        | Found a transporter.
  1715 | D        | Reached ****** piety under Trog
  1954 | D        | Entered arena 10.
  1955 | D        | Found a transporter.
  1957 | D        | Received a gift from Trog
  1960 | D        | Received a gift from Trog
  2349 | D        | Entered arena 11.
  2349 | D        | Noticed a manticore
  2354 | D        | Received a gift from Trog
  2356 | D        | Killed a manticore
  2357 | D        | Reached XP level 11. HP: 109/115 MP: 10/10
  2361 | D        | Found a transporter.
  2658 | D        | Entered arena 12.
  2658 | D        | Noticed a death drake
  2658 | D        | Noticed a purple very ugly thing
  2658 | D        | Noticed a deep troll
  2658 | D        | Noticed a shining eye
  2658 | D        | Noticed a purple very ugly thing
  2659 | D        | a shining eye changed into a faun
  2659 | D        | Noticed a mana viper
  2660 | D        | Found a transporter.
  2660 | D        | Noticed a lindwurm
  2660 | D        | a death drake changed into a lindwurm
  2660 | D        | Noticed an anaconda
  2660 | D        | a faun changed into an anaconda
  2661 | D        | a lindwurm changed into a merfolk
  2662 | D        | a mana viper changed into a culicivora
  2662 | D        | Noticed a lindwurm
  2662 | D        | a merfolk changed into a lindwurm
  2662 | D        | an anaconda changed into a torpor snail
  2663 | D        | Noticed a two-headed ogre
  2663 | D        | a lindwurm changed into a two-headed ogre
  2663 | D        | Noticed a death drake
  2663 | D        | a torpor snail changed into a death drake
  2663 | D        | Noticed a glowing orange brain
  2663 | D        | a water nymph changed into a glowing orange brain
  2664 | D        | a two-headed ogre changed into a torpor snail
  2664 | D        | a glowing orange brain changed into a manticore
  2665 | D        | Received a gift from Trog
  2666 | D        | Killed a purple very ugly thing
  2666 | D        | Gained mutation: You are dopey. (Int -2) [a neqoxec]
  2667 | D        | a deep troll changed into an eye of devastation
  2669 | D        | Noticed a two-headed ogre
  2669 | D        | an eye of devastation changed into a two-headed ogre
  2669 | D        | Noticed an orb spider
  2669 | D        | a death drake changed into an orb spider
  2669 | D        | Gained mutation: You occasionally shout uncontrollably at
                  | your foes. [a neqoxec]
  2670 | D        | Noticed a sea snake
  2670 | D        | a two-headed ogre changed into a sea snake
  2670 | D        | Gained mutation: You have a pair of large horns on your
                  | head. [a neqoxec]
  2671 | D        | Killed a purple very ugly thing
  2671 | D        | Noticed a shining eye
  2671 | D        | a sea snake changed into a shining eye
  2672 | D        | Received a gift from Trog
  2672 | D        | Noticed a glowing shapeshifter
  2672 | D        | a shining eye changed into a glowing shapeshifter
  2673 | D        | a glowing shapeshifter changed into a torpor snail
  2675 | D        | Noticed a glowing shapeshifter
  2675 | D        | an orb spider changed into a glowing shapeshifter
  2676 | D        | Noticed a swamp dragon
  2676 | D        | a glowing shapeshifter changed into a swamp dragon
  2678 | D        | a swamp dragon changed into an elephant
  3148 | D        | Entered arena 13.
  3149 | D        | Noticed a naga warrior
  3150 | D        | Found a transporter.
  3154 | D        | Received a gift from Trog
  3162 | D        | Killed a naga warrior
  3162 | D        | Received a gift from Trog
  3476 | D        | Entered arena 14.
  3477 | D        | Noticed a two-headed ogre
  3477 | D        | Noticed a two-headed ogre
  3477 | D        | Noticed a two-headed ogre
  3477 | D        | Noticed a two-headed ogre
  3479 | D        | Found a transporter.
  3483 | D        | Killed a two-headed ogre
  3483 | D        | Killed a two-headed ogre
  3484 | D        | Reached XP level 12. HP: 130/130 MP: 7/11
  3486 | D        | Received a gift from Trog
  3487 | D        | Killed a two-headed ogre
  3489 | D        | Killed a two-headed ogre
  3662 | D        | Entered arena 15.
  3663 | D        | Noticed an azure jelly
  3663 | D        | Noticed an acid blob
  3664 | D        | Noticed an acid blob
  3664 | D        | Noticed an acid blob
  3664 | D        | Noticed a great orb of eyes
  3664 | D        | Found the ring of the Hare {EV+8}
  3665 | D        | Found a transporter.
  3668 | D        | Killed an azure jelly
  3668 | D        | Received a gift from Trog
  3674 | D        | Killed an acid blob
  3675 | D        | Killed an acid blob
  3677 | D        | Killed an acid blob
  3677 | D        | Identified the +9 hand axe "Omemeus" {vorpal, Dex+6} (Trog
                  | gifted it to you in the Dungeon)
  3677 | D        | Received a gift from Trog
  3679 | D        | Killed a great orb of eyes
  4102 | D        | Entered arena 16.
  4103 | D        | Noticed a naga warrior
  4103 | D        | Noticed an anaconda
  4104 | D        | Noticed a nagaraja
  4104 | D        | Noticed a naga warrior
  4105 | D        | Found a transporter.
  4109 | D        | Killed an anaconda
  4112 | D        | Received a gift from Trog
  4117 | D        | Killed a naga warrior
  4122 | D        | Killed a naga warrior
  4123 | D        | Reached XP level 13. HP: 69/148 MP: 0/12
  4123 | D        | Killed a nagaraja
  4123 | D        | Received a gift from Trog
  4415 | D        | Entered arena 17.
  4418 | D        | Noticed a stone giant
  4419 | D        | Identified the +2 arbalest of the Illusory Things {flame,
                  | rF+}
  4420 | D        | Found a transporter.
  4427 | D        | Received a gift from Trog
  4431 | D        | Killed a stone giant
  4435 | D        | Identified the +9 broad axe of Satu Umea {flame, rF+ Dex+4}
                  | (Trog gifted it to you in the Dungeon)
  4435 | D        | Received a gift from Trog
  4666 | D        | Entered arena 18.
  4669 | D        | Noticed a rockslime
  4670 | D        | Noticed a quicksilver ooze
  4671 | D        | Found a transporter.
  4676 | D        | Killed a rockslime
  4676 | D        | Received a gift from Trog
  4681 | D        | Killed a quicksilver ooze
  4685 | D        | Received a gift from Trog
  4745 | D        | Got the ring of Daffodils {Ice Fly Int+4 SInv}
  4861 | D        | Entered arena 19.
  4869 | D        | Found a transporter.
  4871 | D        | Identified the +9 trident of Tiwe {flame, Str+4} (Trog
                  | gifted it to you in the Dungeon)
  4871 | D        | Received a gift from Trog
  4876 | D        | Received a gift from Trog
  4881 | D        | Received a gift from Trog
  4885 | D        | Received a gift from Trog
  5111 | D        | Entered arena 20.
  5258 | D        | Noticed an ancient lich
  5258 | D        | Noticed a vampire knight
  5258 | D        | Found the macabre finger necklace {rN+}
  5259 | D        | Noticed a lich
  5259 | D        | Noticed a vampire knight
  5259 | D        | Noticed a vampire knight
  5262 | D        | Found a transporter.
  5265 | D        | Received a gift from Trog
  5272 | D        | Killed a vampire knight
  5272 | D        | Received a gift from Trog
  5275 | D        | Reached skill level 27 in Fighting
  5277 | D        | Killed an ancient lich
  5277 | D        | Received a gift from Trog
  5278 | D        | Reached skill level 27 in Shields
  5278 | D        | Reached XP level 14. HP: 168/168 MP: 0/13
  5278 | D        | Killed a vampire knight
  5279 | D        | Killed a vampire knight
  5279 | D        | Received a gift from Trog
  5283 | D        | Killed a lich
  5283 | D        | Received a gift from Trog
  5559 | D        | Entered arena 21.
  5567 | D        | Noticed a deep elf master archer
  5568 | D        | Identified the ring of Yrphories {rF+ Str+2}
  5568 | D        | Noticed a stone giant
  5568 | D        | Identified the +7 halberd of Kismet {drain, Dex+4}
  5569 | D        | Identified the +6 rapier "Q" {elec, rElec Will+ Int-4
                  | Dex+2}
  5569 | D        | Found a transporter.
  5569 | D        | Noticed a stone giant
  5569 | D        | Identified the +10 rapier of Cesutz Liwex {holy, +Blink}
  5575 | D        | Killed a deep elf master archer
  5576 | D        | Reached skill level 15 in Armour
  5576 | D        | Reached skill level 15 in Dodging
  5576 | D        | Reached skill level 5 in Evocations
  5578 | D        | Killed a stone giant
  5578 | D        | Received a gift from Trog
  5582 | D        | Received a gift from Trog
  5583 | D        | Killed a stone giant
  5586 | D        | Received a gift from Trog
  5682 | D        | Got the ring "Filoifut" {rF- Will+ Str+6}
  6170 | D        | Entered arena 22.
  6179 | D        | Noticed an ancient lich
  6179 | D        | Noticed a ghoul
  6179 | D        | Found the dreamshard necklace {*Dream Drain}
  6180 | D        | Noticed a lich
  6181 | D        | Noticed a ghoul
  6181 | D        | Identified the ring "Nittat" {rF+ rN+}
  6187 | D        | Killed a ghoul
  6188 | D        | Found a transporter.
  6191 | D        | Identified the +7 hand axe "Unian" {flame, rF+ Str+3 Dex+5}
                  | (Trog gifted it to you in the Dungeon)
  6191 | D        | Received a gift from Trog
  6194 | D        | Received a gift from Trog
  6194 | D        | Killed an ancient lich
  6195 | D        | Killed a lich
  6195 | D        | Identified the +9 broad axe of Trog's Wrath {antimagic, rC+
                  | Dex+4} (Trog gifted it to you in the Dungeon)
  6195 | D        | Received a gift from Trog
  6201 | D        | Killed a ghoul
  6206 | D        | Reached XP level 15. HP: 174/174 MP: 0/14
  6487 | D        | Entered arena 23.
  6498 | D        | Noticed a deep elf sorcerer
  6498 | D        | Noticed a deep elf sorcerer
  6498 | D        | Noticed a deep elf sorcerer
  6498 | D        | Noticed a deep elf master archer
  6498 | D        | Noticed a deep elf master archer
  6499 | D        | Found a transporter.
  6499 | D        | Identified the ring of Gokhlao {*Slow rPois rF+ Will+
                  | rCorr}
  6499 | D        | Noticed a deep elf blademaster
  6499 | D        | Noticed a deep elf master archer
  6499 | D        | Identified the ring of the Queen {rF+ Int+3}
  6507 | D        | Killed a deep elf sorcerer
  6509 | D        | Received a gift from Trog
  6510 | D        | Killed a deep elf master archer
  6512 | D        | Killed a deep elf master archer
  6512 | D        | Killed a deep elf sorcerer
  6513 | D        | Reached skill level 10 in Evocations
  6514 | D        | Killed a deep elf sorcerer
  6515 | D        | Killed a deep elf blademaster
  6517 | D        | Received a gift from Trog
  6520 | D        | Received a gift from Trog
  6529 | D        | Killed a deep elf master archer
  6533 | D        | Received a gift from Trog
  6575 | D        | Received a gift from Trog
  6826 | D        | Entered arena 24.
  6832 | D        | Noticed a bone dragon
  6832 | D        | Noticed a shadow dragon
  6832 | D        | Noticed a shadow dragon
  6832 | D        | Noticed a Tzitzimitl
  6832 | D        | Noticed a shadow dragon
  6832 | D        | Noticed a tainted leviathan
  6833 | D        | Noticed a shadow dragon
  6833 | D        | Noticed a profane servitor
  6834 | D        | Noticed a bone dragon
  6834 | D        | Noticed a shadow dragon
  6835 | D        | Killed from afar by a soul eater

Illustrated notes

Levels and vault maps discovered:
D:        sprint_v [room_start, room_1, room_2, room_3, room_4, room_5, room_6,
          room_7, room_8, room_9, room_10, room_11, room_12, room_13, room_14,
          room_15, room_16, room_17, room_18, room_19, room_20, room_21,
          room_22, room_23, room_24, room_25, room_26, room_27]

Skill      XL: |  1  2  3  4  5  6  7  8  9 10 11 12 13 14 15 |
---------------+----------------------------------------------+-----
Fighting       | 5 10 11 13 14 16 19 23 27 | 27.0
Axes           | 5 10 11 13 14 16 18 | 18.0
Armour         | 3 6 8 9 10 11 12 13 19 23 | 23.5
Dodging        | 3 6 7 8 9 10 12 21 24 | 24.0
Shields        | 4 9 11 12 14 15 19 23 27 | 27.0
Evocations     | 2 9 11 | 11.9

Action                   |  1- 3 |  4- 6 |  7- 9 | 10-12 | 13-15 || total
-------------------------+-------+-------+-------+-------+-------++-------
Melee: Broad axe         |     5 |       |    23 |    97 |   136 ||   261
       Headbutt          |     2 |       |       |    15 |    24 ||    41
Invok: Berserk           |       |       |     2 |     2 |     5 ||     9
       Brothers in Arms  |       |       |       |     2 |    17 ||    19
       Trog's Hand       |       |       |       |       |     3 ||     3
  Use: Potion            |     1 |       |       |       |     3 ||     4
       Scroll            |       |       |       |       |     6 ||     6
 Stab: Distracted        |       |       |       |       |     2 ||     2
Armor: Gold dragon scale |     3 |       |    29 |    42 |    63 ||   137
Dodge: Dodged            |     2 |       |     9 |    30 |    66 ||   107
Block: Tower shield      |    12 |       |    41 |   122 |   209 ||   384
